 Dungeon Crawl Stone Soup version 0.22.0-38-g04b72b8c25 (webtiles) character file.

325454 SaintSock the Earth Mage (level 21, -1/136 HPs)
             Began as a Gargoyle Earth Elementalist on Aug 28, 2018.
             Was the Champion of Cheibriados.
             Killed from afar by a starcursed mass (4 damage)
             ... with an accursed screaming
             ... summoned by a lunar statue
             ... in a wizard's laboratory on Aug 29, 2018.
             The game lasted 05:07:34 (49820 turns).

SaintSock the Earth Mage (GrEE)                    Turns: 49820, Time: 05:07:35

Health: -1/136     AC: 29    Str: 34      XL:     21   Next: 62%
Magic:  12/38      EV: 14    Int: 28 (32) God:    Cheibriados [******]
Gold:   2971       SH: 19    Dex: 27      Spells: 15/47 levels left

rFire    + + .     SeeInvis +     - Unarmed
rCold    + . .     Gourm    .   K - +2 shield of Resistance {rF+ rC+ MR+}
rNeg     + + .     Faith    .   N - +5 chain mail of the Yeti {+Fly MR+}
rPois    ∞         Spirit   .   j - +2 helmet {SInv}
rElec    +         Reflect  .   r - scarf {repulsion}
rCorr    +         Harm     .   F - +0 pair of gloves
MR       +++..                  Z - +2 pair of boots {Stlth+}
Stlth    ..........             R - amulet of Raligg {+Blink Regen+}
HPRegen  0.72/turn              u - ring of the Firefly {rF+ rN+ EV+4 Dex+2 Slay+3}
MPRegen  0.26/turn              H - ring of resist corrosion

@: corroded, flying, very slightly contaminated, studying Throwing, repel
missiles, very slow
A: big wings, talons 1, dopey 1, negative energy resistance 1, electricity
resistance, unbreathing, petrification resistance, rot immunity, AC +16
}: 2/15 runes: decaying, gossamer
a: Stop Flying, Bend Time, Temporal Distortion, Slouch, Step From Time, Renounce
Religion, Evoke Blink


You were in a wizard's laboratory.
You worshipped Cheibriados.
Cheibriados was exalted by your worship.
You were not hungry.

You visited 8 branches of the dungeon, and saw 38 of its levels.
You also visited: Labyrinth and Wizlab.

You collected 4060 gold pieces.
You spent 1089 gold pieces at shops.

Inventory:

Hand Weapons
 z - the +8 frozen axe "Frostbite" {freezing cloud, *Noise +Fly rC+}
   (You found it on level 3 of the Swamp)

   It has been specially enchanted to freeze those struck by it, causing extra
   injury to most foes and up to half again as much damage against particularly
   susceptible opponents.
   It can also slow down cold-blooded creatures.
   It protects you from cold.
   It lets you fly.
   It may make noises in combat.
 M - the +8 double sword of Goatz {vamp, rElec Str+3 Int+5}
   (You took it off a deep elf mage on level 3 of the Elven Halls)

   It inflicts no extra harm, but heals its wielder when it wounds a living foe.
   It affects your strength (+3).
   It affects your intelligence (+5).
   It insulates you from electricity.
 X - the +2 fustibalus "Xuply" {flame, rC+ Int+3 Stlth+}
   (You found it on level 1 of the Vaults)

   It causes projectiles fired from it to burn those they strike, causing extra
   injury to most foes and up to half again as much damage against particularly
   susceptible opponents.
   It affects your intelligence (+3).
   It protects you from cold.
   It makes you more stealthy.
Armour
 j - a +2 helmet of see invisible (worn)
 r - a scarf of repulsion (worn)
 y - the +1 chain mail "Safy" {*Slow rC+++ Str+10 Dex-2}
   (You found it on level 3 of the Spider Nest)

   It affects your strength (+10).
   It affects your dexterity (-2).
   It renders you almost immune to cold.
   It may slow you when you take damage.
 B - the +5 robe of Shadows and Fog {rF+ MR+ Int-2}
   (You found it on level 13 of the Dungeon)

   It affects your intelligence (-2).
   It protects you from fire.
   It affects your resistance to hostile enchantments.
 F - a +0 pair of gloves (worn)
 K - the +2 shield of Resistance (worn) {rF+ rC+ MR+}
   (You found it on level 7 of the Dungeon)

   It protects you from fire.
   It protects you from cold.
   It affects your resistance to hostile enchantments.
 N - the +5 chain mail of the Yeti (worn) {+Fly MR+}
   (You found it on level 8 of the Dungeon)

   It affects your resistance to hostile enchantments.
   It lets you fly.
 S - +0 fire dragon scales
 Z - a +2 pair of boots of stealth (worn)
Magical Staves
 b - an uncursed staff of wizardry
 U - an uncursed staff of earth
Jewellery
 u - the ring of the Firefly (left hand) {rF+ rN+ EV+4 Dex+2 Slay+3}
   (You bought it in a shop on level 9 of the Dungeon)

   [ring of evasion]

   It affects your evasion (+4).
   It affects your dexterity (+2).
   It affects your accuracy and damage with ranged weapons and melee attacks
   (+3).
   It protects you from fire.
   It protects you from negative energy.
 H - a ring of resist corrosion (right hand)
 L - the ring "Qeqeig" {*Corrode rPois rN+ MR+ Dex+2}
   (You bought it in a shop on level 7 of the Dungeon)

   [ring of positive energy]

   It affects your dexterity (+2).
   It protects you from poison.
   It protects you from negative energy.
   It affects your resistance to hostile enchantments.
   It may corrode you when you take damage.
 R - the amulet of Raligg (around neck) {+Blink Regen+}
   (You took it off a deep elf sorcerer on level 3 of the Elven Halls)

   [amulet of regeneration]

   It lets you blink.
   It increases your rate of regeneration.
Wands
 c - a wand of scattershot (10)
 g - a wand of digging (25)
 q - a wand of clouds (3)
 s - a wand of enslavement (27)
 J - a wand of acid (15)
 O - a wand of disintegration (22)
 P - a wand of iceblast (29)
 Q - a wand of paralysis (57)
Scrolls
 a - 5 scrolls of enchant weapon
 e - 11 scrolls of remove curse
 f - 3 scrolls of holy word
 h - 7 scrolls of teleportation
 m - a scroll of enchant armour
 t - 4 scrolls of fear
 v - 7 scrolls of magic mapping
 w - 8 scrolls of fog
 G - 16 scrolls of amnesia
 T - a scroll of blinking
 Y - 11 scrolls of identify
Potions
 i - a potion of cancellation
 l - a potion of curing
 n - a potion of might
 o - a potion of heal wounds
 p - 4 potions of agility
 x - 10 potions of mutation
 A - 2 potions of resistance
 D - 3 potions of lignification
 E - 8 potions of brilliance
Books
 V - a manual of Throwing
Miscellaneous
 k - a fan of gales
 C - a lightning rod (4/4)
 I - a phial of floods
 W - a lamp of fire
Comestibles
 d - 60 rations


   Skills:
 * Level 15.8 Fighting
 + Level 11.2 Armour
 - Level 1.5 Dodging
 - Level 2.1 Stealth
 - Level 15.0 Shields
 - Level 16.0 Unarmed Combat
 * Level 13.9 Spellcasting
 + Level 4.3 Necromancy
 - Level 10.5 Transmutations
 + Level 17.5 Earth Magic
 - Level 7.0 Invocations
 - Level 7.0 Evocations


You had 15 spell levels left.
You knew the following spells:

 Your Spells              Type           Power        Failure   Level  Hunger
a - Sandblast             Erth           ######       0%          1    None
b - Passwall              Tmut/Erth      #######.     1%          2    None
c - Stone Arrow           Conj/Erth      ######       1%          3    None
d - Lee's Rapid Deconstr  Erth           #######...   1%          5    #......
e - Petrify               Tmut/Erth      #######.     1%          4    None
f - Regeneration          Chrm/Necr      ####......   11%         3    None
g - Blade Hands           Tmut           ######....   3%          5    #......
h - Shatter               Erth           #######...   100%        9    #######

Your spell library contained the following spells:

 Spells                   Type           Power        Failure   Level  Hunger
 Animate Skeleton         Necr           N/A          1%          1    None
 Beastly Appendage        Tmut           ######       1%          1    None
 Pain                     Necr           ####         1%          1    None
 Sticks to Snakes         Tmut           ######..     1%          2    None
 Borgnjor's Vile Clutch   Necr/Erth      ######....   2%          5    #......
 Spider Form              Tmut/Pois      #####.....   3%          3    None
 Vampiric Draining        Necr           #####.....   4%          3    None
 Ignite Poison            Fire/Tmut/Pois #####...     6%          3    None
 Corona                   Hex            ###....      9%          1    None
 Freeze                   Ice            ###.         9%          1    None
 Infusion                 Chrm           ###.         9%          1    None
 Shock                    Conj/Air       ###.         9%          1    None
 Summon Small Mammal      Summ           ###.         9%          1    None
 Ice Form                 Ice/Tmut       #####...     10%         4    None
 Call Imp                 Summ           ###.....     13%         2    None
 Ensorcelled Hibernation  Hex/Ice        ###...       13%         2    None
 Poisonous Vapours        Pois/Air       ###...       13%         2    None
 Shroud of Golubria       Chrm/Tloc      ###.......   13%         2    None
 Song of Slaying          Chrm           ###.....     13%         2    None
 Swiftness                Chrm/Air       ###.....     13%         2    None
 Throw Frost              Conj/Ice       ###...       13%         2    None
 Animate Dead             Necr           N/A          14%         4    None
 Hydra Form               Tmut           ######....   17%         6    ####...
 Confuse                  Hex            ###.....     26%         3    None
 Conjure Flame            Conj/Fire      ###.....     26%         3    None
 Dazzling Spray           Conj/Hex       ###...       26%         3    None
 Inner Flame              Hex/Fire       ###.....     26%         3    None
 Mephitic Cloud           Conj/Pois/Air  ###.....     26%         3    None
 Ozocubu's Armour         Chrm/Ice       ###.....     26%         3    None
 Recall                   Summ/Tloc      N/A          26%         3    None
 Spectral Weapon          Hex/Chrm       ###.....     26%         3    None
 Static Discharge         Conj/Air       ###.....     26%         3    None
 Tukima's Dance           Hex            ###.....     26%         3    None
 Alistair's Intoxication  Tmut/Pois      #####...     26%         5    #......
 Irradiate                Conj/Tmut      #####.....   26%         5    #......
 Yara's Violent Unravell  Hex/Tmut       #####.....   26%         5    #......
 Airstrike                Air            ###.......   65%         4    None
 Cause Fear               Hex            ###.......   65%         4    None
 Summon Ice Beast         Ice/Summ       ###.....     65%         4    None
 Throw Icicle             Conj/Ice       ###.....     65%         4    None
 Dragon Form              Tmut           ######....   67%         7    ######.
 Death Channel            Necr           #####.....   91%         6    ####...
 Fireball                 Conj/Fire      ###.......   94%         5    #......
 Lightning Bolt           Conj/Air       ###.......   94%         5    #......
 Metabolic Englaciation   Hex/Ice        ###.......   94%         5    #......
 Silence                  Hex/Air        ###.......   94%         5    #......
 Simulacrum               Ice/Necr       ####......   99%         6    ####...
 Bolt of Cold             Conj/Ice       ###.......   100%        6    ####...
 Darkness                 Hex            ###.......   100%        6    ####...
 Deflect Missiles         Chrm/Air       ###.......   100%        6    ####...
 Freezing Cloud           Conj/Ice/Air   ###.......   100%        6    ####...
 Ozocubu's Refrigeration  Ice            ###.......   100%        6    ####...
 Shadow Creatures         Summ           N/A          100%        6    ####...
 Ring of Flames           Chrm/Fire      ###.......   100%        7    ######.
 Discord                  Hex            ###.......   100%        8    #######
 Ignition                 Fire           ###.......   100%        8    #######
 Dragon's Call            Summ           ###.......   100%        9    #######
 Tornado                  Air            ###.......   100%        9    #######
 Sublimation of Blood     Necr           Unusable     N/A         2    N/A
 Statue Form              Tmut/Erth      Unusable     N/A         6    N/A

Dungeon Overview and Level Annotations

Branches:
Dungeon (15/15)            Temple (1/1) D:4            Lair (6/6) D:10
  Swamp (4/4) Lair:2       Spider (4/4) Lair:2        Slime (0/5) Lair:5
    Orc (2/2) D:12            Elf (3/3) Orc:2        Vaults (3/5) D:13
  Crypt (0/3) Vaults:3     Depths (0/5) D:15

Altars:
Ashenzari
Cheibriados
Dithmenos
Elyvilon
Fedhas
Gozag
Hepliaklqana
Kikubaaqudgha
Makhleb
Nemelex Xobeh
Okawaru
Qazlal
Ru
Sif Muna
Trog
Uskayaw
Vehumet
Wu Jian
Xom
Yredelemnul
Zin
The Shining One
Beogh
Jiyva

Shops:
D:7 *   D:8 *   D:9 *=(*   Orc:2 }[[=*   Vaults:2 [

Annotations:
Swamp:4 Lernaean hydra WizLab exclusion: orange crystal statue


Innate Abilities, Weirdness & Mutations

You are resistant to torment.
Your stone body is resilient. (AC +16)
You are immune to poison.
Your large and strong wings let you fly indefinitely.
You resist negative energy. (rN+)
You are resistant to electric shocks. (rElec)
You can survive without breathing.
You are immune to petrification.
You are immune to rotting.
You have sharp toenails.
You are dopey. (Int -2)


Message History

The eye of devastation is moderately wounded.
You block the starcursed mass's attack. The eye of devastation gazes at you.
The bolt of energy hits you!
* * * LOW HITPOINT WARNING * * *
You punch the eye of devastation!
The eye of devastation is heavily wounded.
The starcursed mass shrieks in your mind.
* * * LOW HITPOINT WARNING * * *
You feel better.
The starcursed mass shrieks in your mind.
* * * LOW HITPOINT WARNING * * *
Blink to where?
Press: ? - help, Dir - move target cursor You are very lightly contaminated with residual magic.
As you read the scroll of blinking, it crumbles to dust.
The starcursed mass shrieks in your mind.
* * * LOW HITPOINT WARNING * * *
The starcursed mass shrieks in your mind.
You die...

#.......P.P#G.#
#..#...P...#X.#
#''#..P.PP.#''#
##..##....P##..##
#P...#######....###
##......#..##.....#
#..##..#..P#.#...#
##.(#.##..##....##
##.........'@.#..#
#8.........'..#..#
##......[..'..#..#
##..#.##..##....##
#..##..#..P#.#...# ###
##......#..##.....###.##
#P...#######....###....##
##..## ##..##.......##
#### #.......##...####


You could see a starcursed mass.

Vanquished Creatures
  A deep elf master archer (Elf:3)
  2 deep elf blademasters (Elf:3)
  The ghost of Dadweuku the Peltast, an adept DsMo of Okawaru (Vaults:1)
  Gastronok (Lair:2)
  2 quicksilver dragons (WizLab)
  3 sphinxes
  Kirke (Lair:5)
  5 tentacled starspawn (WizLab)
  2 frost giants (Vaults:3)
  4 vault wardens
  2 orc warlords (Vaults:1)
  7 deep elf sorcerers (Elf:3)
  6 emperor scorpions
  3 ghost moths
  Louise (Swamp:1)
  6 deep elf elementalists (Elf:3)
  A cacodemon (WizLab)
  5 ironheart preservers
  2 entropy weavers
  A very ugly thing (Vaults:2)
  8 stone giants
  4 deep elf demonologists
  A minotaur (Lab)
  3 spark wasps (Spider:4)
  5 deep elf annihilators
  Snorg (Lair:3)
  6 fire dragons
  5 deep elf death magi
  A crystal guardian (Vaults:3)
  3 great orbs of eyes (WizLab)
  3 yaktaur captains (Vaults:2)
  3 deep elf high priests (Elf:3)
  3 vault guards
  Fannar (Lair:2)
  A hell beast (Elf:3)
  4 ice dragons
  Erica (D:9)
  37 hydras
  A ghost crab (Swamp:3)
  3 centaur warriors
  A catoblepas (Lair:6)
  2 deep troll shamans (Vaults:2)
  A death knight (Vaults:3)
  13 two-headed ogres
  22 dancing weapons
  8 death scarabs (Spider:4)
  12 alligators
  4 ogre magi
  3 death yaks (Lair:6)
  2 deep troll earth magi (Vaults:1)
  Urug (Lair:3)
  7 orc high priests
  18 deep elf knights
  A spriggan druid (Swamp:2)
  2 spectral emperor scorpions (Spider:4)
  8 deep trolls
  2 unseen horrors (D:13)
  6 wizards
  7 deep elf archers
  An unseen horror (shapeshifter) (D:15)
  2 shadow wraiths
  2 lindwurms
  4 glowing orange brains (WizLab)
  Pikel (D:4)
  12 swamp dragons
  2 ironbrand convokers
  9 starcursed masses (WizLab)
  5 spectral wolf spiders (Spider:4)
  A wolf spider zombie (Spider:4)
  An oklob plant (Lair:4)
  A necromancer (D:13)
  9 orc knights
  8 orb spiders
  10 harpies
  43 deep elf magi
  3 orc sorcerers
  3 cyclopes
  36 wolf spiders
  18 ugly things
  7 manticores
  2 moths of wrath
  7 elephants
  2 black mambas (Lair:1)
  Psyche (D:8)
  A torpor snail (Spider:1)
  Maurice (D:8)
  A water nymph (shapeshifter) (Vaults:2)
  2 vault sentinels (Vaults:2)
  A gargoyle (D:13)
  A storm dragon simulacrum (Vaults:2)
  An eye of devastation (WizLab)
  18 spiny frogs
  2 freezing wraiths
  2 redback zombies (Spider:4)
  A centaur skeleton (D:10)
  A rime drake (Lair:5)
  13 yaktaurs
  6 spectral redbacks (Spider:4)
  12 demonic crawlers
  6 komodo dragons
  A small abomination (Elf:3)
  An efreet (D:11)
  5 trolls
  3 meliai (Lair:4)
  A polar bear (Lair:1)
  A queen bee (shapeshifter) (Vaults:1)
  3 spectral tarantellas (Spider:4)
  11 tyrant leeches
  10 hornets
  26 jumping spiders
  A spectral jumping spider (Spider:4)
  A hippogriff (shapeshifter) (Vaults:3)
  4 jumping spider zombies (Spider:4)
  8 bog bodies
  Prince Ribbit (D:5)
  10 hippogriffs
  20 dream sheep
  10 blink frogs
  A tarantella zombie (Spider:4)
  9 slime creatures
  4 shadows
  2 air elementals
  49 redbacks
  3 wraiths
  32 tarantellas
  10 spriggans
  3 hogs (Lair:5)
  22 yaks
  3 wyverns
  4 water elementals
  Eustachio (D:5)
  A basilisk (shapeshifter) (Vaults:1)
  16 humans (D:13)
  5 fire elementals
  3 vampires
  34 vampire mosquitoes
  2 hungry ghosts (D:12)
  A basilisk (Lair:6)
  6 wargs
  21 swamp worms
  9 insubstantial wisps
  2 acid dragons
  14 water moccasins
  3 hell hounds (Elf:3)
  13 swamp drakes
  10 porcupines
  A spectral hornet (Spider:4)
  A black bear (D:7)
  An eye of draining (D:11)
  30 orc warriors
  5 ice beasts
  6 sky beasts
  7 wolves
  24 ogres
  A boggart (Vaults:3)
  2 phantoms
  13 centaurs
  10 crocodiles
  2 big kobolds
  20 bullfrogs
  A glowing shapeshifter simulacrum (Vaults:2)
  3 earth elementals
  A water moccasin zombie (D:5)
  A gnoll sergeant (D:6)
  A wyvern zombie (D:13)
  4 scorpions
  A water moccasin skeleton (D:7)
  60 killer bees
  3 electric eels
  A howler monkey (D:4)
  A bullfrog zombie (D:8)
  5 crimson imps
  A quasit (D:6)
  4 centaur zombies
  6 jellies
  28 orc priests
  4 bullfrog skeletons
  5 hounds
  An iguana (D:13)
  33 orc wizards
  5 worker ants
  3 hound skeletons (D:9)
  2 worker ant zombies
  Robin (D:1)
  6 gnolls (D:6)
  9 adders
  4 shadow imps
  An ooze (D:5)
  An adder zombie (D:7)
  3 adder skeletons (D:5)
  A dart slug (D:4)
  8 leopard geckos
  79 orcs
  10 bats
  5 giant cockroaches
  14 goblins
  16 hobgoblins
  13 jackals
  8 kobolds
  5 quokkas
  2 ball pythons
  5 frilled lizards
  A quokka skeleton (D:8)
  A quokka zombie (D:8)
  10 rats
  5 starspawn tentacles (WizLab)
1434 creatures vanquished.

Vanquished Creatures (collateral kills)
  the Lernaean hydra (Swamp:4)
  A swamp drake (Swamp:4)
2 creatures vanquished.

Vanquished Creatures (others)
  A deep elf master archer (Elf:3)
  A deep elf sorcerer (Elf:2)
  A deep elf annihilator (Elf:3)
  A centaur warrior (D:15)
  An ogre mage (Vaults:2)
  An alligator (Swamp:4)
  3 deep elf archers
  2 deep elf magi (Elf:3)
  A tyrant leech (Swamp:4)
  An orc wizard (D:7)
  An ooze (D:4)
  An adder skeleton (D:5)
  2 orcs
  2 kobolds (D:11)
  62 fungi
  6 plants
  10 starspawn tentacles (WizLab)
97 creatures vanquished.

Grand Total: 1533 creatures vanquished

Notes
Turn   | Place    | Note
-------+----------+-------------------------------------------
     0 | D:1      | SaintSock the Gargoyle Earth Elementalist began the quest for the Orb.
     0 | D:1      | Reached XP level 1. HP: 10/10 MP: 3/3
   290 | D:1      | Reached skill level 1 in Armour
   290 | D:1      | Reached XP level 2. HP: 7/15 MP: 1/5
   644 | D:1      | Reached skill level 4 in Earth Magic
   722 | D:1      | Reached XP level 3. HP: 15/20 MP: 3/6
  1306 | D:1      | Learned a level 2 spell: Passwall
  1310 | D:1      | Learned a level 3 spell: Stone Arrow
  1354 | D:2      | Noticed Robin
  1363 | D:1      | Reached skill level 1 in Fighting
  1367 | D:1      | Killed Robin
  1367 | D:1      | Reached skill level 1 in Unarmed Combat
  1568 | D:1      | Reached XP level 4. HP: 13/25 MP: 5/7
  2374 | D:2      | Reached XP level 5. HP: 29/29 MP: 8/8
  2436 | D:3      | Found a blossoming altar of Fedhas.
  2928 | D:3      | Reached skill level 5 in Earth Magic
  3046 | D:3      | Found a burning altar of Makhleb.
  3105 | D:4      | Found a radiant altar of Vehumet.
  3156 | D:4      | Reached XP level 6. HP: 21/35 MP: 10/10
  3202 | D:4      | Found a staircase to the Ecumenical Temple.
  3273 | Temple   | Entered the Ecumenical Temple
  3401 | Temple   | Became a worshipper of Cheibriados the Contemplative
  4205 | D:5      | Entered Level 5 of the Dungeon
  4234 | D:5      | Noticed Eustachio
  4257 | D:5      | Killed Eustachio
  4393 | D:5      | Found a stormy altar of Qazlal.
  4394 | D:5      | Noticed Prince Ribbit
  4403 | D:5      | Killed Prince Ribbit
  4403 | D:5      | Reached skill level 6 in Earth Magic
  4403 | D:5      | Reached XP level 7. HP: 9/40 MP: 5/11
  5128 | D:5      | Reached XP level 8. HP: 45/46 MP: 13/13
  5192 | D:5      | Noticed Pikel
  5217 | D:4      | Killed Pikel
  5217 | D:4      | Reached skill level 5 in Armour
  5217 | D:4      | Reached skill level 7 in Earth Magic
  5288 | D:5      | Found a sacrificial altar of Ru.
  5461 | D:5      | Learned a level 5 spell: Lee's Rapid Deconstruction
  5479 | D:6      | Learned a level 4 spell: Petrify
  5693 | D:6      | Reached * piety under Cheibriados
  5699 | D:6      | Reached skill level 8 in Earth Magic
  5699 | D:6      | Reached XP level 9. HP: 28/52 MP: 9/15
  5845 | D:6      | Got an ancient scale mail
  6301 | D:7      | Identified the +0 scale mail of Ogionami {+Inv Int+4} (You found it on level 6 of the Dungeon)
  6359 | D:7      | Found the +2 shield of Resistance {rF+ rC+ MR+}
  6522 | D:7      | Reached ** piety under Cheibriados
  6565 | D:7      | Reached skill level 5 in Fighting
  6565 | D:7      | Reached skill level 1 in Shields
  6820 | D:7      | Reached skill level 9 in Earth Magic
  7132 | D:7      | Found Sykuoshi's Assorted Antiques.
  7137 | D:7      | Bought a brightly glowing golden ring for 95 gold pieces
  7138 | D:7      | Identified the ring "Qeqeig" {*Corrode rPois rN+ MR+ Dex+2} (You bought it in a shop on level 7 of the Dungeon)
  7405 | D:8      | Got a smoking chain mail
  7416 | D:8      | Identified the +5 chain mail of the Yeti {+Fly MR+} (You found it on level 8 of the Dungeon)
  7423 | D:8      | Found Zin's Purification Station.
  7423 | D:8      | Noticed Psyche
  7458 | D:8      | Reached *** piety under Cheibriados
  7503 | D:8      | Killed Psyche
  7503 | D:8      | Reached skill level 5 in Unarmed Combat
  7503 | D:8      | Reached skill level 5 in Spellcasting
  7503 | D:8      | Reached XP level 10. HP: 35/59 MP: 13/17
  7684 | D:8      | Found a glowing silver altar of Zin.
  7917 | D:8      | Noticed Maurice
  7930 | D:8      | Killed Maurice
  8215 | D:9      | Found Bippaen's Assorted Antiques.
  8297 | D:9      | Reached skill level 10 in Earth Magic
  8305 | D:9      | Found Nunoj's Weapon Emporium.
  8372 | D:9      | Reached **** piety under Cheibriados
  8380 | D:9      | Noticed a cyclops
  8404 | D:9      | Killed a cyclops
  8994 | D:9      | Noticed Erica
  9001 | D:9      | Killed Erica
  9094 | D:9      | Found Fapsess's General Store.
  9383 | D:9      | Found Raifom's Jewellery Emporium.
  9418 | D:10     | Entered Level 10 of the Dungeon
  9433 | D:9      | Reached XP level 11. HP: 46/65 MP: 19/19
  9802 | D:10     | Reached skill level 11 in Earth Magic
 10121 | D:10     | Found a staircase to the Lair.
 10376 | D:10     | Reached ***** piety under Cheibriados
 11505 | D:11     | Noticed a green ugly thing
 11510 | D:11     | Killed a green ugly thing
 11510 | D:11     | Reached skill level 10 in Armour
 11513 | D:11     | Noticed a purple ugly thing
 11519 | D:11     | Killed a purple ugly thing
 11519 | D:11     | Reached skill level 5 in Shields
 11665 | D:12     | Found a staircase to the Orcish Mines.
 11678 | D:12     | Found a labyrinth entrance.
 11688 | Lab      | Entered a labyrinth
 11799 | Lab      | Noticed a minotaur
 11806 | Lab      | Killed a minotaur
 12102 | D:12     | Reached skill level 1 in Invocations
 12524 | D:12     | Noticed a six-headed hydra
 12530 | D:12     | Killed a six-headed hydra
 12530 | D:12     | Reached XP level 12. HP: 37/72 MP: 15/22
 13027 | Lair:1   | Entered Level 1 of the Lair of Beasts
 13036 | Lair:1   | Reached skill level 12 in Earth Magic
 13067 | Lair:1   | Reached ****** piety under Cheibriados
 13728 | Lair:1   | Noticed a seven-headed hydra
 13741 | Lair:1   | Killed a seven-headed hydra
 14020 | Lair:1   | Noticed an eight-headed hydra
 14025 | Lair:1   | Killed an eight-headed hydra
 14127 | Lair:1   | Noticed a seven-headed hydra
 14683 | Lair:1   | Got an ancient leather armour
 14694 | Lair:1   | Identified the +1 leather armour of Limited Liability {Str+2} (You found it on level 1 of the Lair of Beasts)
 14749 | Lair:1   | Killed a seven-headed hydra
 14907 | Lair:2   | Noticed Gastronok
 14930 | Lair:2   | Killed Gastronok
 15191 | Lair:2   | Noticed Fannar
 15206 | Lair:2   | Killed Fannar
 15224 | Lair:2   | Reached XP level 13. HP: 45/79 MP: 17/24
 15375 | Lair:2   | Learned a level 3 spell: Regeneration
 15470 | Lair:2   | Found a staircase to the Swamp.
 15562 | Lair:2   | Found a hole to the Spider Nest.
 16480 | Lair:3   | Noticed Urug
 16520 | Lair:3   | Killed Urug
 16750 | Lair:3   | Found a sacrificial altar of Ru.
 16795 | Lair:3   | Reached skill level 5 in Invocations
 17103 | Lair:3   | Noticed Snorg
 17112 | Lair:3   | Killed Snorg
 18150 | Lair:4   | Reached skill level 13 in Earth Magic
 18364 | Lair:4   | Reached skill level 10 in Unarmed Combat
 18474 | Lair:4   | Reached skill level 10 in Shields
 19905 | Lair:4   | Gained mutation: Your large and strong wings let you fly indefinitely. [Gargoyle growth]
 19905 | Lair:4   | Reached XP level 14. HP: 36/86 MP: 20/26
 20496 | Lair:5   | Noticed Kirke
 20513 | Lair:5   | Killed Kirke
 20567 | Lair:5   | Found a staircase to the Slime Pits.
 20578 | Lair:5   | Found a viscous altar of Jiyva.
 20812 | Lair:6   | Entered Level 6 of the Lair of Beasts
 21486 | Lair:6   | Reached skill level 10 in Fighting
 22136 | Lair:6   | Learned a level 5 spell: Blade Hands
 22444 | D:13     | Got a creamy pearl robe
 22493 | D:13     | Identified the +5 robe of Shadows and Fog {rF+ MR+ Int-2} (You found it on level 13 of the Dungeon)
 22529 | D:13     | Reached skill level 1 in Transmutations
 23393 | D:13     | Reached XP level 15. HP: 88/92 MP: 28/28
 23550 | D:13     | Found a gate to the Vaults.
 23867 | D:9      | Bought the ring of the Firefly {rF+ rN+ EV+4 Dex+2 Slay+3} for 994 gold pieces
 24532 | D:14     | Reached skill level 14 in Earth Magic
 25049 | D:15     | Entered Level 15 of the Dungeon
 25277 | D:15     | Found a viscous altar of Jiyva.
 25732 | D:15     | Found a staircase to the Depths.
 25856 | Orc:1    | Entered Level 1 of the Orcish Mines
 26335 | Orc:2    | Entered Level 2 of the Orcish Mines
 26464 | Orc:2    | Found Heiclych's Gadget Boutique.
 26978 | Orc:2    | Found Fix Hivy's Jewellery Emporium.
 26982 | Orc:2    | Found Muanlik's Assorted Antiques.
 26983 | Orc:2    | Found Noemavom's Armour Shoppe.
 26988 | Orc:2    | Found Imynist's Armour Shoppe.
 27385 | Orc:2    | Found a staircase to the Elven Halls.
 27623 | Swamp:1  | Entered Level 1 of the Swamp
 28182 | Swamp:1  | Reached XP level 16. HP: 100/100 MP: 29/29
 28299 | Swamp:1  | Noticed Louise
 28319 | Swamp:1  | Killed Louise
 28397 | Swamp:1  | Got a blackened large shield
 28408 | Swamp:1  | Identified the cursed +0 large shield of Hayzxeoc {rElec rCorr Str-2} (You took it off Louise on level 1 of the Swamp)
 28481 | Swamp:1  | Reached skill level 5 in Transmutations
 29349 | Swamp:2  | Found a shimmering altar of Xom.
 30033 | Swamp:3  | Found the +8 frozen axe "Frostbite" {freezing cloud, *Noise +Fly rC+}
 30331 | Swamp:4  | Entered Level 4 of the Swamp
 30383 | Swamp:4  | Reached skill level 10 in Spellcasting
 30952 | Swamp:4  | Noticed the 27-headed Lernaean hydra
 31387 | Swamp:4  | Killed the 27-headed Lernaean hydra
 31387 | Swamp:4  | Reached XP level 17. HP: 64/106 MP: 25/31
 31823 | Swamp:4  | Got a decaying rune of Zot
 32296 | Spider:1 | Entered Level 1 of the Spider Nest
 32960 | Lair:2   | Reached skill level 15 in Earth Magic
 35541 | Spider:3 | Got a shimmering chain mail
 35552 | Spider:3 | Identified the cursed +1 chain mail "Safy" {*Slow rC+++ Str+10 Dex-2} (You found it on level 3 of the Spider Nest)
 36672 | Spider:4 | Entered Level 4 of the Spider Nest
 37845 | Spider:4 | Reached XP level 18. HP: 93/112 MP: 32/32
 38407 | Spider:4 | Reached skill level 15 in Shields
 39008 | Spider:4 | Got a gossamer rune of Zot
 39379 | Elf:1    | Entered Level 1 of the Elven Halls
 39831 | Elf:1    | Reached skill level 1 in Evocations
 40624 | Elf:2    | Reached skill level 15 in Unarmed Combat
 40993 | Elf:2    | Found a runed gate.
 40993 | Elf:2    | Found a runed gate.
 40994 | Elf:2    | Found a runed gate.
 41476 | Elf:2    | Reached skill level 16 in Earth Magic
 41690 | Elf:2    | Reached XP level 19. HP: 118/118 MP: 28/34
 42073 | Elf:3    | Entered Level 3 of the Elven Halls
 42200 | Elf:3    | Reached skill level 10 in Transmutations
 42841 | Elf:3    | Got an ancient long sword {freeze}
 42842 | Elf:3    | Identified the +6 long sword of Annoyance {freeze, *Drain +Rage Dex+3} (You took it off a deep elf sorcerer on level 3 of the Elven Halls)
 42860 | Elf:3    | Noticed a Tzitzimitl
 43692 | Elf:3    | Found an ancient bone altar of Kikubaaqudgha.
 43927 | Elf:3    | Got a wavering golden amulet
 43953 | Elf:3    | Identified the amulet of Raligg {+Blink Regen+} (You took it off a deep elf sorcerer on level 3 of the Elven Halls)
 44075 | Elf:3    | Identified Sif Muna's Disquisition on Blistering Calling
 44232 | Elf:3    | Identified the Incunabulum of Augmentations
 44307 | Elf:3    | Got a bloodstained double sword {vamp}
 44308 | Elf:3    | Identified the +8 double sword of Goatz {vamp, rElec Str+3 Int+5} (You took it off a deep elf mage on level 3 of the Elven Halls)
 44454 | Elf:3    | Reached XP level 20. HP: 36/126 MP: 36/36
 44731 | Elf:3    | Learned a level 9 spell: Shatter
 44906 | Vaults:1 | Entered Level 1 of the Vaults
 44936 | Vaults:1 | Reached skill level 5 in Evocations
 45016 | Vaults:1 | Reached skill level 1 in Necromancy
 45550 | Vaults:1 | Found a runed gate.
 45550 | Vaults:1 | Found a runed gate.
 45550 | Vaults:1 | Noticed Dadweuku's ghost (adept DsMo)
 45551 | Vaults:1 | Found a runed gate.
 45641 | Vaults:1 | Identified a scroll of acquirement
 45933 | Vaults:1 | Got a pitted fustibalus
 45934 | Vaults:1 | Identified the +2 fustibalus "Xuply" {flame, rC+ Int+3 Stlth+} (You found it on level 1 of the Vaults)
 46518 | Vaults:1 | Found a roughly hewn altar of Beogh.
 46567 | Vaults:1 | Killed Dadweuku's ghost
 46855 | Vaults:2 | Reached skill level 17 in Earth Magic
 47383 | Vaults:2 | Found Moruyz's Antique Armour Shoppe.
 47618 | Vaults:2 | Reached skill level 15 in Fighting
 47791 | Vaults:2 | Noticed a Brimstone Fiend
 47926 | Vaults:2 | Reached XP level 21. HP: 134/134 MP: 38/38
 48568 | Vaults:3 | HP: 5/134 [stone giant (37)]
 48900 | Vaults:3 | Found a magical portal.
 48909 | WizLab   | Entered Lehudib's Moon Base
 49322 | WizLab   | Paralysed by accursed screaming for 1 turns
 49322 | WizLab   | Gained mutation: You have sharp toenails. [a cacodemon]
 49326 | WizLab   | Gained mutation: You are dopey. (Int -2) [a cacodemon]
 49667 | WizLab   | Found the +7 sceptre of Torment
 49793 | WizLab   | Paralysed by accursed screaming for 1 turns
 49815 | WizLab   | HP: 4/136 [starcursed mass/accursed screaming[a lunar statue] (5)]
 49820 | WizLab   | Killed from afar by a starcursed mass

Skill      XL: |  1  2  3  4  5  6  7  8  9 10 11 12 13 14 15 16 17 18 19 20 21 |
---------------+----------------------------------------------------------------+-----
Armour         | 1 2 3 4 6 7 9 10 11 | 11.2
Earth Magic    | 4 5 6 8 9 10 11 12 13 14 15 16 17 | 17.5
Fighting       | 1 2 3 4 5 6 7 8 9 10 11 12 13 15 | 15.8
Unarmed Combat | 1 2 3 5 7 8 10 11 12 13 14 15 16 | 16.0
Spellcasting   | 3 4 5 6 7 8 9 10 11 12 13 | 13.9
Shields        | 2 3 6 8 10 11 12 13 14 15 | 15.0
Invocations    | 2 4 5 7 |  7.0
Transmutations | 1 4 6 8 9 10 | 10.5
Evocations     | 2 4 6 7 |  7.0
Necromancy     | 3 4 |  4.3
Dodging        | |  1.5
Stealth        | |  2.1

Action                   |  1- 3 |  4- 6 |  7- 9 | 10-12 | 13-15 | 16-18 | 19-21 || total
-------------------------+-------+-------+-------+-------+-------+-------+-------++-------
Melee: Unarmed           |   106 |   312 |   387 |   851 |  1548 |  1669 |  1092 ||  5965
       Punch             |       |     1 |     1 |    17 |       |       |     4 ||    23
       Staff             |       |       |       |       |       |       |   216 ||   216
 Cast: Sandblast         |    34 |    43 |    71 |   115 |    94 |   251 |       ||   608
       Stone Arrow       |       |       |     7 |    17 |    26 |    15 |    13 ||    78
       Lee's Rapid Decon |       |       |       |     4 |    35 |     5 |    38 ||    82
       Petrify           |       |       |       |     2 |    10 |     2 |     5 ||    19
       Blade Hands       |       |       |       |       |       |     2 |     2 ||     4
       Regeneration      |       |       |       |       |       |       |     3 ||     3
Invok: Slouch            |       |       |       |       |       |     1 |     1 ||     2
 Abil: Fly               |       |       |       |       |     1 |       |       ||     1
       Evoke Blink       |       |       |       |       |       |       |     1 ||     1
Evoke: Wand              |       |       |       |     9 |     7 |     1 |     5 ||    22
       Lamp of fire      |       |       |       |     1 |       |       |     1 ||     2
       Lightning rod     |       |       |       |       |       |     1 |     2 ||     3
       Phantom mirror    |       |       |       |       |       |     1 |       ||     1
  Use: Scroll            |     1 |     4 |     6 |    13 |    11 |     8 |    16 ||    59
       Potion            |       |       |       |     3 |     1 |     4 |    22 ||    30
 Stab: Sleeping          |     1 |     2 |       |       |       |       |       ||     3
       Distracted        |       |       |     1 |       |       |       |       ||     1
       Petrified         |       |       |       |       |    13 |     2 |       ||    15
       Confused          |       |       |       |       |     4 |     4 |       ||     8
       Paralysed         |       |       |       |       |       |     3 |       ||     3
  Eat: Chunk             |     3 |     5 |     9 |     9 |    14 |    11 |    15 ||    66
       Ration            |       |     1 |       |     2 |     4 |     4 |     1 ||    12
Armor: Robe              |    72 |   138 |       |       |       |       |       ||   210
       Leather armour    |       |     1 |   164 |       |       |       |       ||   165
       Chain mail        |       |       |    58 |   671 |   926 |  1171 |   627 ||  3453
Dodge: Dodged            |   112 |   230 |   170 |   343 |   577 |  1003 |   611 ||  3046
       Deflected         |       |       |       |       |       |    14 |    33 ||    47
Block: Shield            |       |       |   147 |   534 |  1961 |  2524 |  1231 ||  6397
       Reflection        |       |       |       |     8 |    25 |    57 |    21 ||   111
       Other             |       |       |       |    46 |       |       |       ||    46
